cohdb
Replays
Latest Replays
All Replays
Popular Replays
Top Player Replays
Match Explorer
How It Works
Community
CoH3 Stats
Reddit
Sign in to upload your games and track your stats! →
Sign in with Steam
Match 47132873
Unlisted
Match 47132873
Overview
Messages
Build Orders
End
Construct Section Command Post
Vickers Machine Gun Team
Selects Canadian Shock Battlegroup
Infantry Section
Infantry Section
Grenade Package
Selects Attacking Spirit
Selects Canadian Shock Section
Canadian Shock Section
Selects Incendiary Munitions
Construct Platoon Command Post
Construct Field Infirmary
Humber Armored Car
Canadian Shock Section
Royal Engineer Section
Selects Pyrotechnics
Canadian Shock Section
Che Guevara
Toxic Grandfather
Thanatos
CompanyOfBlowJob3
PatriceLumumba400
Tigerfibel
jerjawe
IRAQI MZMZ
0
0
Comments
sign in to comment!
No comments posted yet!